 Dungeon Crawl Stone Soup version 0.30-a0-50-gb2d611f6b1 (webtiles) character file.

Game seed: 14951816404112724519

377 Destapler the Sneak (level 6, -7/32 HPs)
             Began as a Spriggan Brigand on Sept 3, 2022.
             Mangled by Grinder (11 damage)
             ... on level 3 of the Dungeon.
             The game lasted 00:16:33 (3570 turns).

Destapler the Sneak (Spriggan Brigand)              Turns: 3570, Time: 00:16:33

Health: -7/32      AC:  0    Str:  7    XL:     6   Next: 45%
Magic:  7/7        EV: 16    Int: 12    God:
Gold:   234        SH:  0    Dex: 19    Spells: 5/5 levels left

rFire   . . .      SeeInvis +    (weapon currently unavailable)
rCold   . . .      Faith    .    (shield currently unavailable)
rNeg    . . .      Spirit   .    (body armour currently unavailable)
rPois   .          Reflect  .    (helmet currently unavailable)
rElec   .          Harm     .    (cloak currently unavailable)
rCorr   .          Rampage  .    (gloves unavailable)
Will    +....                    (boots unavailable)
Stlth   ++++......               (no amulet)
HPRegen 0.10/turn                (ring currently unavailable)
MPRegen 0.10/turn                (ring currently unavailable)

@: pig-form, very quick
A: fast, no casting, small, no large weapons, unfitting armour, see invisible,
(speed 3)
a: no special abilities


You were on level 3 of the Dungeon.
You were a filthy swine.
You visited 1 branch of the dungeon, and saw 3 of its levels.

You collected 234 gold pieces.

Inventory:

Hand Weapons
 a - a +2 dagger (melded)
Missiles
 d - 8 poisoned darts (quivered)
 e - 3 curare-tipped darts
 j - 6 atropa-tipped darts
 l - 3 boomerangs
Armour
 b - a +0 robe (melded)
 c - a +0 cloak (melded)
Wands
 r - a wand of flame (17)
Scrolls
 g - a scroll of noise {unknown}
 h - a scroll of enchant armour {unknown}
 k - a scroll of vulnerability
 m - a scroll of enchant weapon {unknown}
 n - a scroll of amnesia {unknown}
 o - a scroll of identify
 p - 2 scrolls of fear {unknown}
Potions
 f - a potion of attraction {unknown}
 i - 3 potions of haste
 q - a potion of heal wounds {unknown}
 s - a potion of degeneration {unknown}


   Skills:
 + Level 2.7 Fighting
 + Level 3.9 Short Blades
 - Level 3.0 Throwing
 + Level 3.8 Dodging
 - Level 7.0 Stealth
 + Level 3.4 Evocations


You had 5 spell levels left.
You didn't know any spells.
Your spell library contained the following spells:

 Spells                   Type           Power      Damage    Failure   Level
 Conjure Flame            Conj/Fire      0%         6-21      69%         3
 Ignite Poison            Fire/Tmut/Pois 0%         N/A       69%         3
 Sticky Flame             Conj/Fire      0%         2d3       97%         4


Dungeon Overview and Level Annotations

Branches:
Dungeon (3/15)

Altars:

Shops:
D:3 (

Annotations:
D:3 Grinder


Innate Abilities, Weirdness & Mutations

You are a filthy swine.
You move quickly.
Your equipment is almost entirely melded.
You are incapable of wielding weapons or throwing items.
You cannot cast spells.
You are very small and have problems with some larger weapons.
You are too small for most types of armour.
You have supernaturally acute eyesight. (SInv)
((You cover ground extremely quickly. (Speed+++)))


Message History

There is a stone staircase leading down here.
d - 5 poisoned darts (gained 1)
You start resting.
HP restored.
There is a stone staircase leading down here.
d - 6 poisoned darts (gained 1)
d - 8 poisoned darts (gained 2)
i - 3 potions of haste (gained 1) Grinder zaps a wand.
You turn into a filthy swine.
Your +2 dagger melds into your body.
Your +0 cloak melds into your body.
Your +0 robe melds into your body.
You hit Grinder.
Grinder is lightly wounded.
Grinder closely misses you.
You barely miss Grinder.
Grinder is lightly wounded.
Grinder closely misses you.
You barely miss Grinder.
Grinder is lightly wounded.
Grinder closely misses you.
You closely miss Grinder. Grinder barely misses you.
You hit Grinder but do no damage. Grinder closely misses you.
You hit Grinder but do no damage. Grinder hits you!
You writhe in agony.
You closely miss Grinder. Grinder closely misses you.
You hit Grinder.
Grinder is lightly wounded.
Grinder hits you!
* * * LOW HITPOINT WARNING * * *
You writhe in agony.
* * * LOW HITPOINT WARNING * * *
You are too injured to fight recklessly!
You are too injured to fight recklessly!
You are too injured to fight recklessly!
You are too injured to fight recklessly!
You closely miss Grinder.
Grinder is lightly wounded.
You barely miss Grinder.
Grinder is lightly wounded.
Grinder hits you!
You die...

#.......(##.#.# ###...#
#......#.##.#.# #...#..
#....#.#.##.#.# #.#...#
#.#.##.#.##.#.###.##.##
#.#.##.#.##....##.##.#
#.#....#..........##.#
#...<..........#####.#
#.####5.......######.#
#.####h#...#......##.#
#............####.##.#
#.####.##.#.###......#
#.# #.##.#.###...####
#.# #..........### #.#
####.#.###.# #.# #$#.#
#.# #.# #.# # #.# #.#
.# ##.#


You could see Grinder.

Vanquished Creatures
  A hound (D:3)
  An orc priest (D:3)
  Crazy Yiuf (D:2)
  Jessica (D:2)
  Terence (D:2)
  Natasha (thrice) (D:3 D:2)
  3 orc wizards (D:3)
  A gnoll (D:1)
  3 adders (D:2)
  An orc (D:3)
  7 ball pythons
  4 endoplasms
  3 giant cockroaches
  4 goblins
  5 hobgoblins
  3 kobolds
  2 quokkas
  3 bats
  3 frilled lizards
  11 rats
61 creatures vanquished.

Notes
Turn   | Place    | Note
-------+----------+-------------------------------------------
     0 | D:1      | Destapler the Spriggan Brigand began the quest for the Orb.
     0 | D:1      | Reached XP level 1. HP: 10/10 MP: 2/2
   260 | D:1      | Reached XP level 2. HP: 15/15 MP: 3/3
   326 | D:1      | Reached skill level 6 in Stealth
   814 | D:1      | Reached skill level 1 in Evocations
   997 | D:1      | Found a faded altar of an unknown god.
  1019 | D:1      | Reached XP level 3. HP: 18/18 MP: 4/4
  1418 | D:2      | Reached XP level 4. HP: 23/23 MP: 5/5
  1433 | D:2      | Noticed Terence
  1436 | D:2      | Killed Terence
  1662 | D:2      | Found a runed translucent door.
  1663 | D:2      | Noticed Crazy Yiuf
  1670 | D:2      | Killed Crazy Yiuf
  1687 | D:3      | Noticed Jessica
  1707 | D:2      | Killed Jessica
  1708 | D:2      | Reached XP level 5. HP: 14/26 MP: 6/6
  1889 | D:3      | Noticed Grinder
  1915 | D:3      | Found Rogg's Weapon Shoppe.
  2236 | D:3      | Noticed Natasha
  2240 | D:3      | Killed Natasha
  2486 | D:3      | Reached skill level 7 in Stealth
  2486 | D:3      | Reached XP level 6. HP: 24/32 MP: 7/7
  2968 | D:3      | Noticed Natasha
  2985 | D:2      | Killed Natasha
  3005 | D:2      | Noticed Natasha
  3420 | D:3      | Killed Natasha
  3570 | D:3      | Mangled by Grinder

Illustrated notes

Levels and vault maps discovered:
D:1:      dpeg_arrival_leaves_temple_mockup, layout_basic,
          dreamdust_ecumenical_altar_angels_and_demons, patterned_corridor
D:2:      layout_rooms, uniq_terence, uniq_crazy_yiuf_cottage
D:3:      layout_loops_ring, serial_shops, nicolae_shop_bloodbath_and_beyond,
          uniq_jessica, uniq_grinder, uniq_natasha

Skill      XL: |  1  2  3  4  5 |
---------------+----------------+-----
Stealth        | 6 7 |  7.0
Evocations     | 1 2 3 |  3.4
Dodging        | 2 3 |  3.8
Fighting       | 2 |  2.7
Short Blades   | 3 |  3.9
Throwing       | 3 |  3.0

Action                   |  1- 3 |  4- 6 || total
-------------------------+-------+-------++-------
Melee: Dagger            |    71 |   116 ||   187
       Unarmed           |       |    10 ||    10
       Punch             |       |     2 ||     2
Throw: Dart              |    27 |    16 ||    43
  Use: Scroll            |       |     3 ||     3
 Stab: Sleeping          |     8 |     8 ||    16
Armor: Robe              |     6 |    11 ||    17
Dodge: Dodged            |    46 |    68 ||   114

Table legend: (Time is in decaauts)
 A = Elapsed time spent in this place.
 B = Non-inter-level travel time spent in this place.
 C = Inter-level travel time spent in this place.
 D = Time resting spent in this place.
 E = Time spent auto-exploring this place.
 F = Levels seen in this place.
 G = Mean time per level.
                   A        B        C        D        E       F      G
               +--------+--------+--------+--------+--------+-----+--------+
         Total |   2694 |   2623 |     71 |    782 |   1176 |   3 |  898.0 |
       Dungeon |   2694 |   2623 |     71 |    782 |   1176 |   3 |  898.0 |
               +--------+--------+--------+--------+--------+-----+--------+

Top non-repeatable levels by time:
     D:2: 986 daAuts
     D:3: 877 daAuts
     D:1: 830 daAuts
